 Dungeon Crawl Stone Soup version 0.30-a0-553-g7fabdf1491 (webtiles) character file.

Game seed: 5368539948184764554

4666 Shayle the Covert (level 10, -11/64 HPs)
             Began as a Tengu Brigand on Dec 26, 2022.
             Was a Believer of Wu Jian.
             Killed from afar by Erica (24 damage)
             ... with a bolt of poison
             ... on level 9 of the Dungeon.
             The game lasted 00:30:46 (8557 turns).

Shayle the Covert (Tengu Brigand)                   Turns: 8557, Time: 00:30:47

Health: -11/64     AC:  0    Str: 11    XL:     10   Next: 44%
Magic:  11/11      EV: 24    Int: 12    God:    Wu Jian [**....]
Gold:   335        SH:  0    Dex: 20    Spells: 9/9 levels left

rFire   . . .      SeeInvis .    (weapon currently unavailable)
rCold   . . .      Faith    .    (shield currently unavailable)
rNeg    . . .      Spirit   .    (body armour currently unavailable)
rPois   .          Reflect  .    (helmet currently unavailable)
rElec   .          Harm     .    (cloak currently unavailable)
rCorr   .          Rampage  .    (gloves currently unavailable)
Will    .....                    (boots unavailable)
Stlth   +++++                    i - amulet of the acrobat
HPRegen 0.30/turn                (ring currently unavailable)
MPRegen 0.12/turn                (ring currently unavailable)

@: lethally poisoned (-11 -> -28), pig-form (expiring), flying quickly and
evasively, very quick
A: fast, flying, no casting, small, (beak), (talons 3), nimble flight
a: Renounce Religion, Wall Jump


You were on level 9 of the Dungeon.
You worshipped Wu Jian.
Wu Jian was pleased with you.
You were a filthy swine.
You visited 1 branch of the dungeon, and saw 9 of its levels.

You collected 533 gold pieces.
You spent 198 gold pieces at shops.

Inventory:

Hand Weapons
 a - a +4 dagger (melded)
 e - a +2 whip of freezing
 u - a +2 dagger of draining
 z - a +2 quarterstaff of speed
 B - a +0 rapier
 D - a +2 spear of pain
Missiles
 d - 44 poisoned darts
 l - 2 curare-tipped darts (quivered)
 m - 7 boomerangs
Armour
 b - a +0 robe
 c - a +2 cloak (melded)
 q - +0 steam dragon scales (melded)
 H - a +0 buckler (melded)
Jewellery
 i - an amulet of the acrobat (around neck)
 n - a ring of protection from fire (melded)
 s - a ring of protection from fire
 w - a ring of resist corrosion
 F - a +6 ring of dexterity (melded)
 I - a ring of wizardry
 J - a +6 ring of strength
Wands
 j - a wand of paralysis (1)
 A - a wand of flame (12)
 G - a wand of iceblast (1)
Scrolls
 p - 2 scrolls of teleportation
 y - 2 scrolls of poison
 K - a scroll of blinking
 L - a scroll of identify
Potions
 f - a potion of attraction {unknown}
 g - 2 potions of degeneration {unknown}
 h - a potion of haste {unknown}
 k - a potion of berserk rage
 o - a potion of brilliance {unknown}
 r - 3 potions of flight
 t - 6 potions of curing
 x - 2 potions of mutation {unknown}
 C - a potion of lignification {unknown}
 E - a potion of magic {unknown}


   Skills:
 + Level 7.7 Fighting
 - Level 2.1(2.3) Short Blades
 + Level 0.9(1.6) Long Blades
 - Level 2.0 Throwing
 + Level 8.2 Dodging
 + Level 12.2 Stealth
 + Level 0.5 Shields


You had 9 spell levels left.
You didn't know any spells.
Your spell library contained the following spells:

 Spells                   Type           Power      Damage    Failure   Level
 Apportation              Tloc           0%         N/A       32%         1
 Cigotuvi's Dreadful Rot  Necr/Pois/Air  0%         N/A       45%         2
 Gell's Gravitas          Tloc           0%         N/A       69%         3
 Lesser Beckoning         Tloc           0%         N/A       69%         3
 Teleport Other           Tloc           0%         N/A       69%         3
 Dispel Undead            Necr           0%         3d6       97%         4
 Alistair's Intoxication  Tmut/Pois      0%         N/A       100%        5
 Death Channel            Necr           0%         N/A       100%        6


Dungeon Overview and Level Annotations

Branches:
Dungeon (9/15)             Temple (0/1) D:7
   Lair: D:8-11         Orc: D:9-12

Altars:
Ashenzari
Fedhas
Kikubaaqudgha
Makhleb
Wu Jian
Yredelemnul

Shops:
D:7 !

Annotations:
D:4 Robin
D:9 Erica


Innate Abilities, Weirdness & Mutations

You are a filthy swine.
You move quickly.
You are flying.
Your equipment is almost entirely melded.
You are incapable of wielding weapons or throwing items.
You cannot cast spells.
((You have a beak for a mouth.))
((You have claws for feet.))
Your magical nature lets you fly swiftly and evasively.


Message History

Your ring of protection from fire melds into your body.
Your +6 ring of dexterity melds into your body.
You feel clumsy.
You miss something. You miss something. Something hits you!
Something burns you.
You hit something. You hit something but do no damage.
Something closely misses you.
You closely miss something. Something hits you! Something burns you.
You hit something but do no damage. You hit something but do no damage.
Something hits you! Something burns you.
You feel better. Something misses you.
You miss something. Something completely misses you.
You hit something.
You hear some strange, mumbled words.
A bolt of poison appears from out of thin air!
The bolt of poison misses you.
You hit something. Something hits you! Something burns you.
You hit something. You miss something.
Your transformation is almost over.
Something closely misses you.
You barely miss something. Something hits you!
* * * LOW HITPOINT WARNING * * *
Something burns you.
* * * LOW HITPOINT WARNING * * *
You feel better. Something hits you.
* * * LOW HITPOINT WARNING * * *
Something burns you.
* * * LOW HITPOINT WARNING * * *
You feel better. Something hits you!!
* * * LOW HITPOINT WARNING * * *
Something burns you.
* * * LOW HITPOINT WARNING * * *
You feel better. Something misses you.
You miss something.
You hear some strange, mumbled words.
A bolt of poison appears from out of thin air!
The bolt of poison hits you!!
You are lethally poisoned!
You die...

#..# #..#
###########..######
...................
..................
#..#######..#####.
#..# #..# #.{# #..#
#.h# #..#
.####..#######..##
..................#
........†.........#
..########..#####)#
. #..# #.# #..# #.#
#..# ### #..#


There were no monsters in sight!

Vanquished Creatures
  Pikel (D:5)
  Maurice (D:8)
  Joseph (D:7)
  A wyvern (D:9)
  A steam dragon (D:6)
  A water moccasin (D:8)
  An orc warrior (D:7)
  2 sky beasts
  2 ogres
  A black bear (D:6)
  A centaur (D:7)
  2 phantoms
  A lemure (D:5)
  5 kobold brigands
  A necrophage (D:6)
  2 gnoll sergeants
  2 bullfrogs (D:7)
  2 scorpions
  6 killer bees (D:7)
  An electric eel (D:6)
  3 howler monkeys (D:8)
  3 jellies
  4 hounds
  9 orc priests
  3 iguanas
  Ijyb (D:5)
  A gnoll bouda (D:9)
  11 orc wizards
  11 gnolls
  5 adders
  A white imp (D:7)
  2 ufetubi (D:5)
  3 worms
  A dart slug (D:2)
  27 orcs
  12 ball pythons
  7 bats
  6 endoplasms
  4 giant cockroaches
  10 goblins
  4 hobgoblins
  4 jackals
  22 kobolds
  5 quokkas
  4 frilled lizards
  3 rats
201 creatures vanquished.

Vanquished Creatures (others)
  A kobold (D:7)
  5 fungi (D:2)
  4 toadstools (D:2)
10 creatures vanquished.

Grand Total: 211 creatures vanquished

Notes
Turn   | Place    | Note
-------+----------+-------------------------------------------
     0 | D:1      | Shayle the Tengu Brigand began the quest for the Orb.
     0 | D:1      | Reached XP level 1. HP: 12/12 MP: 2/2
   301 | D:1      | Reached XP level 2. HP: 12/17 MP: 3/3
   943 | D:2      | Reached XP level 3. HP: 22/22 MP: 4/4
  1509 | D:3      | Reached XP level 4. HP: 25/27 MP: 5/5
  1548 | D:3      | Reached skill level 5 in Stealth
  2424 | D:4      | Found a blossoming altar of Fedhas.
  2426 | D:4      | Found a basalt altar of Yredelemnul.
  2428 | D:4      | Found a burning altar of Makhleb.
  2428 | D:4      | Found a broken altar of Ashenzari.
  2526 | D:4      | Gained mutation: Your magical nature lets you fly swiftly
                  | and evasively. [Tengu growth]
  2526 | D:4      | Reached XP level 5. HP: 24/32 MP: 6/6
  2883 | D:4      | Noticed Robin
  2985 | D:5      | Entered Level 5 of the Dungeon
  2985 | D:5      | Noticed an ogre
  3056 | D:5      | Noticed Ijyb
  3066 | D:5      | Killed Ijyb
  3542 | D:5      | Killed an ogre
  3543 | D:5      | Reached skill level 6 in Stealth
  3543 | D:5      | Reached XP level 6. HP: 37/37 MP: 7/7
  3759 | D:5      | Noticed Pikel
  3765 | D:5      | Reached XP level 7. HP: 32/42 MP: 8/8
  3821 | D:6      | Reached skill level 7 in Stealth
  4008 | D:6      | Noticed a steam dragon
  4021 | D:6      | Killed a steam dragon
  4391 | D:6      | Reached XP level 8. HP: 48/48 MP: 9/9
  4421 | D:6      | Reached skill level 8 in Stealth
  4496 | D:6      | Reached skill level 5 in Dodging
  4633 | D:6      | Reached skill level 5 in Fighting
  5176 | D:5      | Killed Pikel
  5177 | D:5      | Reached skill level 9 in Stealth
  5344 | D:5      | Reached XP level 9. HP: 55/55 MP: 10/10
  5510 | D:5      | Found an ornate altar of the Wu Jian Council.
  5514 | D:5      | Became a worshipper of the Wu Jian Council
  5552 | D:5      | Found an ancient bone altar of Kikubaaqudgha.
  5898 | D:7      | Noticed Joseph
  5958 | D:7      | Found a staircase to the Ecumenical Temple.
  6065 | D:7      | Reached skill level 10 in Stealth
  6090 | D:7      | Found Col Zean's Distillery.
  6096 | D:7      | Bought a potion of might for 44 gold pieces
  6096 | D:7      | Bought a potion of curing for 33 gold pieces
  6096 | D:7      | Bought a potion of curing for 33 gold pieces
  6096 | D:7      | Bought a potion of curing for 33 gold pieces
  6096 | D:7      | Bought a potion of berserk rage for 55 gold pieces
  6333 | D:7      | Reached * piety under Wu Jian
  6345 | D:7      | Killed Joseph
  6463 | D:7      | Reached skill level 11 in Stealth
  6827 | D:7      | Reached XP level 10. HP: 63/63 MP: 11/11
  7608 | D:8      | Reached ** piety under Wu Jian
  7635 | D:8      | Noticed Maurice
  7855 | D:8      | Paralysed by something for 5 turns
  7869 | D:8      | Paralysed by something for 2 turns
  7882 | D:8      | Paralysed by something for 5 turns
  7899 | D:8      | Killed Maurice
  7900 | D:8      | Reached skill level 12 in Stealth
  8466 | D:9      | Noticed Erica
  8557 | D:9      | Killed from afar by Erica

Illustrated notes

Levels and vault maps discovered:
D:1:      lemuel_arrival_rhombus, layout_basic
D:2:      layout_rooms, minmay_gold_behind_fungi
D:3:      layout_basic
D:4:      minmay_evil_eye, layout_basic, grunt_temple_overflow_open, uniq_robin
D:5:      layout_loops_ring, mainiacjoe_overflow_two_lobes,
          grunt_decor_mini_mirrors, minmay_between, uniq_ijyb, uniq_pikel
D:6:      layout_basic, grunt_decor_cap, serial_park_tiny_pond, minivault_14
D:7:      layout_loops_ring, minmay_temple_entry_stoned_glass, serial_shops,
          shop, enter_bailey_1, kennysheep_generic_room_7, uniq_joseph
D:8:      layout_cave_pools, uniq_maurice
D:9:      gammafunk_cloud_chamber, layout_small_grid, lair_entry_dummy,
          uniq_erica

Skill      XL: |  1  2  3  4  5  6  7  8  9 10 |
---------------+-------------------------------+-----
Dodging        | 2 3 4 6 7 8 |  8.2
Stealth        | 5 6 7 9 11 12 | 12.2
Fighting       | 3 4 5 7 |  7.7
Short Blades   | |  2.1
Long Blades    | |  0.9
Throwing       | |  2.0
Shields        | |  0.5

Action                   |  1- 3 |  4- 6 |  7- 9 | 10-12 || total
-------------------------+-------+-------+-------+-------++-------
Melee: Dagger            |    71 |    95 |   177 |   193 ||   536
       Peck              |     9 |    13 |    56 |    55 ||   133
       Kick              |    14 |    19 |    82 |    69 ||   184
       Punch             |     1 |       |     4 |     2 ||     7
       Quarterstaff      |       |       |    60 |       ||    60
       Unarmed           |       |       |       |    14 ||    14
Throw: Dart              |       |     6 |    34 |     9 ||    49
       Throwing net      |       |       |     1 |       ||     1
Invok: Lunge             |       |       |    15 |    16 ||    31
       Whirlwind         |       |       |     1 |    23 ||    24
Evoke: Wand              |       |       |     8 |     4 ||    12
  Use: Scroll            |       |     4 |     7 |     2 ||    13
       Potion            |       |       |     4 |     4 ||     8
 Stab: Sleeping          |    14 |    11 |     4 |       ||    29
       Distracted        |       |       |     2 |       ||     2
Armor: Robe              |    17 |    12 |     3 |       ||    32
       Steam dragon scal |       |       |    30 |    37 ||    67
Dodge: Dodged            |    35 |    56 |   213 |   209 ||   513
Block: Buckler           |       |       |       |     3 ||     3

Table legend: (Time is in decaauts)
 A = Elapsed time spent in this place.
 B = Non-inter-level travel time spent in this place.
 C = Inter-level travel time spent in this place.
 D = Time resting spent in this place.
 E = Time spent auto-exploring this place.
 F = Levels seen in this place.
 G = Mean time per level.
                   A        B        C        D        E       F      G
               +--------+--------+--------+--------+--------+-----+--------+
         Total |   8100 |   7534 |    566 |   1297 |   3707 |   9 |  900.0 |
       Dungeon |   8100 |   7534 |    566 |   1297 |   3707 |   9 |  900.0 |
               +--------+--------+--------+--------+--------+-----+--------+

Top non-repeatable levels by time:
     D:7: 1445 daAuts
     D:6: 1259 daAuts
     D:5: 1057 daAuts
     D:4: 979 daAuts
     D:1: 937 daAuts
     D:3: 867 daAuts
     D:8: 762 daAuts
     D:2: 583 daAuts
     D:9: 207 daAuts
